Map: Orbital Shipyard

Players

Beastyqt - Winner!

  • Race: Terran Terran
  • League: Diamond

RayReign

  • Race: Protoss Protoss
  • League: Master

Event: ASL Season 5 Prime League LOTV Beta

VOD

Have the link to the VOD?

Description

Time

  • Played on: Sept. 4, 2015, 10:17 p.m.
  • Length: 17:39

All games in this series

Show
View Real Time Build Order
Export as new Build Order

Beastyqt Terran - Winner!

Build Orders: Liberator Opening, Bio Mine 

Get SALT Encoding   

  12  0:01  SCV  
  13  0:13  SCV  
  14  0:19  Supply Depot  
  14  0:25  SCV  
  15  0:41  SCV, Barracks  
  16  0:44  Refinery  
  16  0:53  SCV  
  16  0:54  Refinery  
  17  1:05  SCV  
  18  1:12  Supply Depot  
  18  1:17  SCV  
  19  1:28  Barracks Tech Lab  
  19  1:31  Orbital Command  
  19  1:36  Ghost Academy  
  19  1:46  Marine  
  20  1:57  SCV  
  21  2:07  Ghost  
  23  2:17  Factory  
  23  2:22  Supply Depot  
  23  2:43  SCV, Ghost  
  26  2:48  Supply Depot  
  26  2:55  SCV  
  27  3:00  Widow Mine  
  27  3:02  Starport  
  29  3:07  SCV  
  30  3:15  Armory  
  30  3:25  SCV  
  30  3:26  Liberator  
  31  3:27  Marine  
  31  3:31  Widow Mine  
  34  3:39  SCV  
  34  3:40  Supply Depot  
  35  3:45  Marine  
  39  4:02  SCV  
  40  4:04  Widow Mine  
  40  4:09  Supply Depot  
  42  4:11  Liberator  
  42  4:23  Command Center  
  42  4:25  SCV  
  44  4:35  Marine  
  43  4:47  SCV  
  43  4:50  Barracks x2  
  43  4:52  Stimpack  
  44  4:54  Liberator  
  44  4:55  Marauder  
  44  4:59  SCV  
  45  5:12  SCV  
  49  5:24  SCV  
  50  5:33  Marauder  
  52  5:39  Command Center  
  52  5:40  SCV  
  53  5:54  Barracks Tech Lab, Marauder  
  55  6:01  SCV  
  56  6:05  Barracks Reactor  
  51  6:12  Orbital Command  
  51  6:13  SCV  
  51  6:16  Marauder  
  51  6:17  Engineering Bay  
  52  6:21  Marine  
  52  6:25  Factory Reactor  
  53  6:26  SCV  
  54  6:33  Combat Shields  
  54  6:38  SCV  
  54  6:39  SCV  
  56  6:43  Engineering Bay  
  55  6:49  Missile Turret x2  
  55  6:50  SCV  
  55  6:51  SCV  
  57  6:58  Marine x4  
  61  7:02  SCV  
  61  7:04  SCV  
  61  7:05  Missile Turret  
  61  7:08  Supply Depot  
  64  7:09  Orbital Command  
  64  7:14  SCV  
  64  7:15  Marine  
  64  7:16  SCV, Marine  
  64  7:19  Terran Infantry Weapons Level 1  
  64  7:20  Terran Infantry Armor Level 1  
  66  7:26  SCV  
  66  7:28  SCV  
  64  7:33  Marine x2  
  63  7:38  SCV  
  63  7:40  SCV x2  
  63  7:42  Marine x2  
  65  7:50  SCV  
  65  7:51  Medivac  
  68  7:52  SCV, Medivac  
  68  7:53  SCV  
  72  8:02  SCV  
  73  8:06  SCV x2  
  73  8:11  Missile Turret  
  73  8:12  Supply Depot, Missile Turret, Marine  
  75  8:13  Refinery, Marine  
  75  8:16  Marine, Marauder  
  75  8:18  SCV x2  
  82  8:21  SCV  
  82  8:26  Medivac  
  85  8:27  Medivac  
  85  8:30  SCV, Marine x2  
  85  8:34  Marine  
  91  8:36  Marine  
  91  8:39  SCV  
  91  8:41  Missile Turret  
  93  8:42  SCV x2, Refinery  
  93  8:46  Terran Ship Weapons Level 1  
  93  8:48  Factory Reactor, Marine x2  
  95  8:51  SCV, Marine  
  95  8:54  SCV  
  101  8:55  SCV  
  101  9:04  Supply Depot  
  101  9:07  Command Center  
  101  9:10  Supply Depot x2  
  101  9:11  Marine x2  
  101  9:13  SCV, Liberator x2  
  101  9:14  SCV  
  105  9:21  Missile Turret  
  105  9:23  Missile Turret  
  100  9:24  SCV  
  100  9:26  Marine x2  
  100  9:28  SCV  
  100  9:30  Widow Mine  
  111  9:32  Widow Mine  
  111  9:35  Marine x2  
  115  9:44  SCV, Marine x2  
  115  9:45  SCV  
  119  9:50  SCV  
  120  9:58  Barracks  
  120  9:59  Factory, Barracks  
  120  10:02  Refinery x2, Terran Infantry Weapons Level 2  
  120  10:05  Supply Depot  
  120  10:07  Supply Depot, Marine x3  
  120  10:12  Terran Infantry Armor Level 2  
  123  10:19  SCV  
  124  10:25  Supply Depot  
  124  10:26  Marauder, Marine x2  
  124  10:27  Marauder  
  130  10:35  SCV  
  128  10:36  Missile Turret  
  128  10:42  SCV  
  125  10:43  Liberator  
  125  10:44  Marine x2  
  125  10:47  Marine  
  128  10:51  SCV x2  
  128  10:52  Terran Ship Weapons Level 2, Missile Turret  
  128  10:54  Factory Tech Lab, SCV  
  131  10:59  Widow Mine x2  
  138  11:06  Planetary Fortress  
  138  11:11  SCV  
  138  11:12  Barracks Tech Lab  
  138  11:14  Drilling Claws  
  139  11:19  SCV x2  
  139  11:25  Marine x4  
  141  11:27  Widow Mine  
  141  11:29  Marauder  
  141  11:31  Marine  
  149  11:33  SCV  
  149  11:34  Missile Turret  
  149  11:35  Missile Turret  
  150  11:40  Command Center, Refinery  
  150  11:41  Refinery  
  150  11:43  Marine  
  150  11:44  Concussive Shells, Marauder  
  150  11:45  Widow Mine x2  
  154  11:52  Liberator x2  
  154  11:58  Barracks Tech Lab, Marauder  
  154  11:59  Marauder  
  158  12:05  Marauder  
  160  12:12  Marine  
  160  12:14  Starport  
  166  12:15  Barracks  
  166  12:16  Barracks  
  166  12:18  Barracks  
  166  12:20  Marauder x2  
  166  12:21  Widow Mine  
  171  12:29  Widow Mine  
  171  12:34  Supply Depot  
  171  12:36  Sensor Tower, Widow Mine  
  173  12:40  Marauder, Marine  
  173  12:41  Liberator, Marauder  
  173  12:42  Liberator  
  152  12:54  Marauder x2  
  152  12:58  SCV  
  135  12:59  Widow Mine  
  135  13:00  Marine  
  135  13:02  Marauder x2  
  135  13:05  Marine  
  145  13:09  Starport Reactor  
  133  13:15  Command Center  
  133  13:16  Terran Infantry Weapons Level 3, Terran Infantry Armor Level 3, Marauder  
  133  13:18  Barracks Tech Lab x2  
  133  13:19  Barracks Tech Lab  
  135  13:31  Ghost x2  
  135  13:32  Marine  
  135  13:33  Marauder, Widow Mine x3, Marine  
  147  13:37  Marine  
  146  13:41  Starport, Medivac  
  146  13:43  Medivac  
  150  13:48  Orbital Command  
  150  13:49  Marine x3  
  150  13:50  Marine  
  150  13:53  Marine  
  150  13:54  Marine x2  
  150  13:55  Terran Ship Weapons Level 3  
  157  14:00  Marine x2  
  157  14:06  Marine x2  
  157  14:07  Marine  
  157  14:09  Medivac x2  
  164  14:10  Marine  
  164  14:11  Marine  
  164  14:12  Marauder  
  164  14:13  Marauder  
  170  14:19  Marine x2  
  170  14:22  Starport Tech Lab  
  172  14:24  Marine  
  172  14:27  Marine  
  172  14:28  Marine x2  
  172  14:29  Orbital Command  
  175  14:33  Liberator  
  175  14:34  Personal Cloaking  
  175  14:36  Marine x3  
  175  14:37  Marine  
  179  14:40  Marine  
  179  14:42  Marine  
  181  14:47  Refinery, Missile Turret  
  181  14:50  Missile Turret  
  181  14:51  Refinery  
  182  14:54  High Capacity Fuel Tanks  
  182  14:55  Liberator  
  182  14:57  Liberator  
  172  15:08  Marine x2  
  172  15:09  Marine x3  
  172  15:10  Marine x2  
  177  15:14  Marine x2  
  177  15:17  Command Center, Liberator  
  179  15:26  Marine x2  
  179  15:27  Command Center, Marine x3  
  183  15:32  Missile Turret  
  186  15:36  Marauder x2  
  186  15:40  Marine x2  
  187  15:44  Marine x2  
  187  15:45  Liberator x3, Marine  
  188  15:54  Command Center  
  188  15:55  Missile Turret  
  193  16:13  Ghost, Orbital Command  
  193  16:18  Marine x3  
  198  16:26  Missile Turret  
  198  16:32  Marauder  
  200  16:33  Nuke, Sensor Tower  
  200  16:38  Missile Turret  
  171  17:08  Marauder  
  171  17:09  Marauder  
  171  17:12  Marauder x2  
  171  17:14  Marauder x3, Marine  
  171  17:15  Marine  
Show
View Real Time Build Order
Export as new Build Order

RayReign Protoss 

Build Orders: 1 Gate Expand 

Get SALT Encoding   

  12  0:00  Probe (Chrono Boost)  
  13  0:10  Probe (Chrono Boost)  
  14  0:19  Pylon  
  14  0:21  Probe (Chrono Boost)  
  15  0:37  Probe (Chrono Boost)  
  15  0:38  Gateway  
  16  0:47  Probe (Chrono Boost)  
  16  0:49  Assimilator  
  17  0:57  Probe (Chrono Boost)  
  18  1:07  Probe (Chrono Boost)  
  19  1:17  Probe (Chrono Boost)  
  20  1:20  Nexus  
  20  1:29  Cybernetics Core  
  20  1:32  Probe (Chrono Boost)  
  21  1:43  Probe (Chrono Boost)  
  21  1:44  Pylon  
  22  1:49  Assimilator  
  22  1:53  Probe (Chrono Boost)  
  23  2:04  Probe (Chrono Boost)  
  23  2:06  Adept, Warp Gate  
  26  2:15  Forge  
  25  2:18  Probe (Chrono Boost)  
  26  2:29  Pylon  
  26  2:31  Pylon  
  26  2:34  Mothership Core (Chrono Boost)  
  28  2:49  Photon Cannon  
  28  2:53  Photon Cannon  
  28  2:57  Probe (Chrono Boost)  
  29  2:59  Probe (Chrono Boost)  
  30  3:05  Adept  
  30  3:09  Probe (Chrono Boost)  
  30  3:12  Probe (Chrono Boost)  
  34  3:20  Probe (Chrono Boost)  
  34  3:24  Probe (Chrono Boost)  
  36  3:30  Robotics Facility  
  36  3:35  Probe x2 (Chrono Boost)  
  38  3:43  Adept  
  38  3:45  Probe (Chrono Boost)  
  38  3:46  Probe (Chrono Boost)  
  42  3:55  Probe (Chrono Boost)  
  43  4:04  Gateway  
  43  4:06  Pylon  
  43  4:07  Gateway  
  43  4:13  Probe x2 (Chrono Boost)  
  43  4:27  Probe x2 (Chrono Boost)  
  43  4:32  Observer  
  43  4:34  Adept  
  44  4:45  Stargate  
  42  4:51  Protoss Ground Weapons Level 1  
  42  4:56  Adept  
  42  4:58  Gateway x2  
  44  5:02  Probe x2 (Chrono Boost)  
  46  5:10  Observer  
  46  5:12  Stalker x2  
  46  5:13  Probe x2 (Chrono Boost)  
  51  5:23  Probe (Chrono Boost)  
  46  5:29  Phoenix (Chrono Boost)  
  46  5:32  Adept  
  50  5:38  Probe  
  50  5:40  Probe  
  46  5:49  Warp Prism  
  46  5:51  Probe, Phoenix (Chrono Boost)  
  46  5:52  Probe  
  45  5:59  Stalker  
  45  6:07  Probe  
  45  6:09  Probe  
  46  6:17  Probe  
  46  6:21  Probe  
  46  6:25  Phoenix (Chrono Boost)  
  48  6:27  Probe  
  51  6:33  Probe  
  51  6:34  Observer  
  51  6:39  Probe  
  53  6:45  Probe  
  55  6:47  Phoenix (Chrono Boost)  
  55  6:50  Probe  
  58  6:55  Assimilator  
  58  6:57  Probe, Nexus, Assimilator  
  59  7:03  Probe  
  59  7:07  Pylon  
  59  7:08  Phoenix (Chrono Boost)  
  60  7:09  Probe  
  63  7:23  Adept x3  
  63  7:27  Probe  
  63  7:29  Probe  
  70  7:38  Probe  
  70  7:39  Phoenix (Chrono Boost)  
  70  7:41  Probe  
  68  7:46  Pylon  
  68  7:48  Probe  
  65  7:54  Probe  
  66  7:59  Probe  
  66  8:02  Twilight Council  
  67  8:06  Probe  
  67  8:09  Probe x2  
  67  8:12  Pylon  
  70  8:14  Phoenix (Chrono Boost), Assimilator  
  70  8:18  Probe  
  70  8:19  Adept x3  
  79  8:20  Adept  
  79  8:21  Assimilator  
  79  8:22  Adept  
  79  8:23  Probe x2  
  85  8:30  Protoss Ground Weapons Level 2  
  85  8:31  Probe  
  85  8:33  Probe  
  86  8:35  Pylon  
  87  8:43  Phoenix (Chrono Boost)  
  87  8:46  Probe  
  90  8:48  Probe  
  91  9:04  Adept x4, Phoenix (Chrono Boost)  
  91  9:05  Adept  
  103  9:11  Photon Cannon  
  103  9:13  Photon Cannon  
  103  9:25  Phoenix (Chrono Boost)  
  105  9:31  Adept x3  
  105  9:32  Adept  
  105  9:33  Shield Upgrade (Chrono Boost)  
  113  9:39  Adept  
  115  9:50  Phoenix  
  115  9:52  Adept  
  117  9:56  Pylon  
  117  9:57  Pylon  
  117  9:59  Pylon  
  117  10:01  Pylon  
  117  10:02  Pylon  
  117  10:06  Robotics Bay  
  117  10:08  Pylon  
  117  10:15  Phoenix  
  117  10:22  Charge (Chrono Boost)  
  117  10:26  Zealot  
  117  10:27  Zealot x4  
  127  10:28  Nexus  
  123  10:40  Phoenix  
  117  10:54  Colossus (Chrono Boost)  
  117  10:55  Gateway  
  117  10:56  Extended Thermal Lance  
  123  10:58  Gateway  
  123  11:00  Gateway, Pylon  
  94  11:04  Gateway, Protoss Ground Weapons Level 3, Phoenix, Stargate  
  125  11:13  Sentry x2  
  125  11:14  Zealot  
  125  11:15  Zealot  
  125  11:17  Zealot  
  135  11:25  Phoenix  
  137  11:33  Photon Cannon  
  137  11:35  Photon Cannon  
  137  11:37  Pylon  
  133  11:43  Stalker x2  
  135  11:48  Phoenix (Chrono Boost)  
  135  11:54  Phoenix (Chrono Boost)  
  139  12:00  Stalker x3  
  145  12:10  Phoenix (Chrono Boost)  
  148  12:15  Probe x2  
  148  12:17  Pylon  
  148  12:19  Phoenix (Chrono Boost)  
  148  12:22  Stalker  
  153  12:31  Phoenix (Chrono Boost)  
  153  12:35  Zealot x3  
  153  12:36  Zealot x2  
  157  12:44  Phoenix (Chrono Boost)  
  139  12:52  Phoenix (Chrono Boost)  
  125  13:02  Assimilator  
  125  13:04  Zealot x4  
  129  13:06  Assimilator  
  129  13:09  Phoenix (Chrono Boost)  
  123  13:13  Phoenix (Chrono Boost)  
  123  13:15  Probe  
  123  13:16  Probe  
  123  13:17  Probe  
  126  13:23  Photon Cannon  
  126  13:26  Photon Cannon  
  126  13:27  Blink  
  126  13:29  Observer  
  127  13:34  Phoenix x2 (Chrono Boost)  
  127  13:35  Protoss Air Weapons Level 1 (Chrono Boost)  
  129  13:42  Protoss Shields Level 1  
  129  13:46  Pylon  
  129  13:50  Templar Archives  
  129  13:54  Colossus  
  129  13:59  Phoenix (Chrono Boost)  
  129  14:02  Phoenix (Chrono Boost)  
  132  14:07  Adept x2  
  132  14:08  Adept  
  144  14:21  Phoenix (Chrono Boost)  
  144  14:35  Stalker x4  
  144  14:37  Zealot x5  
  162  14:45  Observer, Phoenix  
  162  14:46  Photon Cannon  
  162  14:47  Photon Cannon  
  162  14:49  Phoenix  
  167  14:55  Psionic Storm  
  167  15:06  Phoenix  
  167  15:12  Probe x3  
  165  15:15  High Templar x2  
  165  15:16  High Templar x2  
  165  15:17  Zealot x3  
  179  15:28  Zealot x2  
  183  15:40  Phoenix  
  183  15:42  Warp Prism  
  178  15:45  Phoenix  
  183  16:03  Stalker x4  
  183  16:04  Stalker  
  193  16:17  Observer  
  193  16:22  Nexus  
  193  16:23  Pylon  
  188  16:51  Zealot x7  
  68  17:24  Zealot x9  
Tags
 
Add a new tag
Caveats
  • Supply blocks, unpowered buildings, or Contaminate may cause inaccurate times.
  • Supply counts are checked every 10 seconds.